Map: Pillars of Gold LE

Players

Hurricane - Winner!

  • Race: Protoss Protoss
  • League: Master
  • Spawn Location: 7:00

lllllllllll (sOs)

  • Race: Protoss Protoss
  • League: Grandmaster
  • Spawn Location: 1:00

Event: War Chest Team League

VOD

Have the link to the VOD?

Description

Time

  • Played on: Aug. 7, 2020, 10:48 a.m.
  • Length: 5:21
Show
View Real Time Build Order
Export as new Build Order

Hurricane Protoss - Winner!

Build Orders:  

Get SALT Encoding   

  12  0:00  Probe  
  13  0:12  Probe  
  14  0:19  Pylon  
  14  0:24  Probe  
  15  0:38  Probe (Chrono Boost)  
  15  0:42  Gateway  
  16  0:47  Assimilator, Probe (Chrono Boost)  
  17  0:52  Probe  
  17  0:56  Assimilator  
  19  1:04  Probe (Chrono Boost)  
  19  1:14  Gateway, Probe (Chrono Boost)  
  20  1:19  Probe (Chrono Boost)  
  21  1:32  Cybernetics Core  
  21  1:33  Probe  
  22  1:44  Pylon  
  22  1:45  Probe  
  23  2:08  Stalker  
  23  2:09  Stalker  
  23  2:14  Robotics Facility  
  27  2:16  Warp Gate  
  28  2:26  Pylon  
  28  2:40  Adept x2  
  30  2:44  Probe  
  31  2:58  Warp Prism (Chrono Boost)  
  33  3:24  Immortal (Chrono Boost)  
  37  3:39  Gateway  
  37  3:42  Pylon  
  37  3:44  Sentry  
  37  4:00  Immortal (Chrono Boost)  
  41  4:23  Pylon  
  41  4:27  Adept x2  
  43  4:43  Stalker  
  42  4:48  Stalker x2  
  46  4:54  Probe  
Show
View Real Time Build Order
Export as new Build Order

lllllllllll Protoss 

Build Orders: 1 Gate Expand 

Get SALT Encoding   

  12  0:00  Probe  
  13  0:12  Probe  
  14  0:19  Pylon  
  14  0:24  Probe (Chrono Boost)  
  15  0:38  Probe (Chrono Boost)  
  15  0:39  Gateway  
  16  0:45  Probe (Chrono Boost)  
  17  0:50  Assimilator  
  17  0:52  Probe  
  18  1:04  Probe  
  19  1:17  Probe  
  20  1:26  Nexus  
  20  1:36  Cybernetics Core  
  20  1:39  Probe  
  21  1:46  Assimilator  
  21  1:51  Probe  
  22  1:57  Pylon  
  22  2:03  Probe  
  23  2:13  Stalker (Chrono Boost)  
  25  2:17  Probe  
  26  2:25  Warp Gate (Chrono Boost)  
  26  2:28  Robotics Facility  
  26  2:32  Probe  
  27  2:38  Probe  
  27  2:44  Stalker  
  30  2:48  Probe  
  31  2:57  Gateway  
  31  3:01  Probe  
  32  3:14  Shield Battery  
  32  3:20  Immortal (Chrono Boost)  
  36  3:30  Pylon  
  34  3:36  Pylon  
  34  3:38  Probe  
  35  3:43  Pylon  
  37  4:10  Adept x2  
  39  4:22  Shield Battery  
  39  4:34  Adept x2  
  37  4:41  Gateway  
  36  4:48  Robotics Facility  
  35  5:02  Stalker x2  
  35  5:05  Assimilator  
  35  5:06  Assimilator  
  37  5:11  Pylon  
Tags
 
Add a new tag
Caveats
  • Supply blocks, unpowered buildings, or Contaminate may cause inaccurate times.
  • Supply counts are checked every 10 seconds.